 Dungeon Crawl Stone Soup version 0.28.0-53-g5a82cb258f (webtiles) character file.

Game seed: 13252963398656805743

49 HatHat the Slasher (level 4, -2/35 HPs)
             Began as a Human Berserker on May 26, 2022.
             Was a Believer of Trog.
             Slain by an iguana (7 damage)
             ... on level 3 of the Dungeon.
             The game lasted 00:08:19 (2066 turns).

HatHat the Slasher (Human Berserker)                Turns: 2066, Time: 00:08:20

Health: -2/35      AC:  4    Str: 20    XL:     4   Next: 2%
Magic:  4/4        EV:  8    Int:  7    God:    Trog [**....]
Gold:   95         SH:  0    Dex: 18    Spells: 3/3 levels left

rFire   . . .      SeeInvis .   a - +0 falchion
rCold   . . .      Faith    .   (no shield)
rNeg    . . .      Spirit   .   d - +0 chain mail
rPois   .          Reflect  .   (no helmet)
rElec   .          Harm     .   (no cloak)
rCorr   .          Rampage  .   (no gloves)
Will    +....                   (no boots)
Stlth   ..........              (no amulet)
HPRegen 0.11/turn               c - +6 ring of dexterity
MPRegen 0.09/turn               h - ring of willpower

@: no status effects
A: deformed body
a: Renounce Religion, Berserk, Trog's Hand


You were on level 3 of the Dungeon.
You worshipped Trog.
Trog was pleased with you.
You visited 1 branch of the dungeon, and saw 3 of its levels.

You collected 95 gold pieces.

Inventory:

Hand Weapons
 a - a +0 falchion (weapon)
Armour
 b - a +0 scale mail
 d - a +0 chain mail (worn)
Jewellery
 c - a +6 ring of dexterity (left hand)
 h - a ring of willpower (right hand)
Potions
 e - a potion of attraction
 f - 2 potions of might


   Skills:
 + Level 3.1 Fighting
 * Level 4.1 Long Blades
 + Level 2.2 Armour
 + Level 2.1 Dodging
 + Level 0.4 Stealth


You had 3 spell levels left.
You didn't know any spells.
Your spell library was empty.

Dungeon Overview and Level Annotations

Branches:
Dungeon (3/15)

Altars:


Innate Abilities, Weirdness & Mutations

Armour fits poorly on your strangely shaped body.


Message History

You slash the rat!
You kill the rat!
Trog accepts your kill.
A goblin and a bat come into view.
The goblin is wielding a +2 dagger of freezing.
The bat misses you.
You see here a rat corpse.
You closely miss the bat. The bat barely misses you.
You hit the bat.
You kill the bat!
Trog accepts your kill.
You have reached level 4!
You feel stronger.
You see here a bat corpse.
A goblin is nearby!
An iguana comes into view.
The iguana moves out of view.
You hit the goblin but do no damage. The goblin hits you but does no damage.
You barely miss the goblin. The goblin closely misses you.
You hit the goblin.
You kill the goblin!
Trog accepts your kill.
You closely miss the iguana.
The iguana bites you but does no damage.
You barely miss the iguana. The iguana barely misses you.
You hit the iguana.
The iguana is moderately wounded.
The iguana bites you!
You hit the iguana.
The iguana is heavily wounded.
The iguana bites you!
* * * LOW HITPOINT WARNING * * *
You closely miss the iguana.
The iguana is heavily wounded.
The iguana bites you.
* * * LOW HITPOINT WARNING * * *
You hit the iguana.
The iguana is severely wounded.
The iguana bites you!
You die...

#........
#........ .
#........ ..##
##........
..... .........
......#........
.......<#####
#....###..††#
.........##@#
.....######l#
.. ... ####. ..
.. ###


You could see an iguana.

Vanquished Creatures
  A dart slug (D:1)
  An orc (D:2)
  5 endoplasms
  A giant cockroach (D:1)
  6 goblins
  3 hobgoblins
  3 jackals
  6 ball pythons
  5 bats
  4 frilled lizards
  6 kobolds
  3 rats
44 creatures vanquished.

Vanquished Creatures (others)
  A plant (D:1)
1 creature vanquished.

Grand Total: 45 creatures vanquished

Notes
Turn   | Place    | Note
-------+----------+-------------------------------------------
     0 | D:1      | HatHat the Human Berserker began the quest for the Orb.
     0 | D:1      | Reached XP level 1. HP: 18/18 MP: 1/1
   287 | D:1      | Reached XP level 2. HP: 16/24 MP: 2/2
   594 | D:1      | Reached XP level 3. HP: 23/29 MP: 3/3
   711 | D:1      | Reached ** piety under Trog
  1121 | D:2      | Reached skill level 4 in Long Blades
  1505 | D:2      | Gained mutation: Armour fits poorly on your strangely
                  | shaped body. [potion of mutation]
  2056 | D:3      | Reached XP level 4. HP: 34/35 MP: 4/4
  2066 | D:3      | Slain by an iguana

Illustrated notes

Levels and vault maps discovered:
D:1:      dpeg_arrival_rhombi, layout_rooms, serial_bayou_ford_a
D:2:      layout_loops_ring, serial_glass, glass_columns_b, glass_columns_a,
          minmay_circle_x
D:3:      layout_basic, serial_shops, nicolae_shop_statue_plus, shop,
          nicolae_square_shop, nicolae_shop_stone, nicolae_lakefront_shop,
          saegor_snake_ambush, uniq_robin

Skill      XL: |  1  2  3 |
---------------+----------+-----
Long Blades    | 4 |  4.1
Fighting       | |  3.1
Armour         | |  2.2
Dodging        | |  2.1
Stealth        | |  0.4

Action                   |  1- 3 |  4- 6 || total
-------------------------+-------+-------++-------
Melee: Falchion          |   125 |     9 ||   134
       Punch             |     3 |       ||     3
  Use: Scroll            |     4 |       ||     4
       Potion            |     5 |       ||     5
Armor: Animal skin       |     4 |       ||     4
       Ring mail         |    14 |       ||    14
       Leather armour    |     7 |       ||     7
       Scale mail        |    37 |       ||    37
       Chain mail        |     1 |     2 ||     3
Dodge: Dodged            |    88 |     2 ||    90
